 Dungeon Crawl Stone Soup version 0.28-a0-984-g3775c66 (webtiles) character file.

Game seed: 9522073135224448566

250 Ayyar the Chopper (level 6, -1/53 HPs)
             Began as a Hill Orc Fighter on Dec 3, 2021.
             Slain by a gnoll (5 damage)
             ... on level 3 of the Dungeon.
             The game lasted 00:10:32 (3231 turns).

Ayyar the Chopper (Hill Orc Fighter)                Turns: 3231, Time: 00:10:33

Health: -1/53      AC:  7    Str: 21    XL:     6   Next: 13%
Magic:  7/7        EV:  9    Int:  8    God:
Gold:   88         SH:  4    Dex: 10    Spells: 5/5 levels left

rFire   . . .      SeeInvis .   a - +0 war axe
rCold   . . .      Faith    .   c - +0 buckler
rNeg    . . .      Spirit   .   b - +0 scale mail
rPois   .          Reflect  .   (no helmet)
rElec   .          Harm     .   (no cloak)
rCorr   .          Rampage  .   (no gloves)
Will    .....                   (no boots)
Stlth   ..........              (no amulet)
HPRegen 0.17/turn               (no ring)
MPRegen 0.10/turn               (no ring)

@: hasted, very quick
A: no striking features
a: no special abilities


You were on level 3 of the Dungeon.
You visited 1 branch of the dungeon, and saw 3 of its levels.

You collected 88 gold pieces.

Inventory:

Hand Weapons
 a - a +0 war axe (weapon)
Missiles
 g - 8 javelins (quivered)
Armour
 b - a +0 scale mail (worn)
 c - a +0 buckler (worn)
Scrolls
 d - a scroll of brand weapon {unknown}
 e - a scroll of identify {unknown}
 f - a scroll of teleportation {unknown}
 h - a scroll of enchant armour {unknown}
 i - a scroll of fear {unknown}
 k - a scroll of vulnerability {unknown}
 m - 2 scrolls of summoning {unknown}
Potions
 l - a potion of attraction {unknown}
 n - a potion of berserk rage {unknown}


   Skills:
 + Level 4.5 Fighting
 * Level 4.7 Axes
 + Level 1.4 Throwing
 + Level 4.1 Armour
 + Level 4.0 Shields
 - Level 2.0 Invocations
 + Level 1.7 Evocations


You had 5 spell levels left.
You didn't know any spells.
Your spell library was empty.

Dungeon Overview and Level Annotations

Branches:
Dungeon (3/15)

Altars:

Shops:
D:3 *


Message History

The gnoll is lightly wounded.
The gnoll closely misses you. The gnoll hits you with a +0 club.
You slash the gnoll!
You kill the gnoll!
You have reached level 6!
You see here a +0 club.
A gnoll comes into view. It is wielding a +0 halberd.
The gnoll shouts!
You hear a shout!
The gnoll shouts!
The gnoll closely misses you.
You slash the gnoll!
The gnoll is severely wounded.
The gnoll hits you with a +0 halberd. The gnoll closely misses you.
The gnoll hits you with a +0 halberd!
You closely miss the gnoll.
The gnoll is severely wounded.
You block the gnoll's attack. The gnoll hits you with a +0 halberd!
The gnoll hits you from afar with a +0 spear!
You hit the gnoll.
You kill the gnoll!
The gnoll barely misses you. You block the gnoll's attack.
Training target 2.0 for Invocations reached!
Your Shields skill increases to level 4!
Your Invocations skill increases to level 2!
It was a potion of haste.
You feel yourself speed up. The gnoll hits you with a +0 spear.
You hit the gnoll.
The gnoll is lightly wounded.
You closely miss the gnoll.
The gnoll is lightly wounded.
The gnoll hits you with a +0 spear!
* * * LOW HITPOINT WARNING * * *
You slash the gnoll!
You kill the gnoll!
You closely miss the gnoll.
The gnoll hits you with a +2 vorpal flail.
* * * LOW HITPOINT WARNING * * *
x2 You slash the gnoll!
The gnoll is almost dead.
The gnoll hits you with a +2 vorpal flail.
You die...

########
#...@g.#
#.####.# #.#
#)# #)# .g.
###.###.#
#..##
#.......###..#
......#......#
#....##.###.##
......#.###.#


You could see a gnoll.

Vanquished Creatures
  A sky beast (D:3)
  A gnoll shaman (D:3)
  Terence (D:3)
  3 gnolls (D:3)
  3 adders
  5 orcs (D:3)
  4 endoplasms
  A giant cockroach (D:2)
  2 goblins
  6 hobgoblins
  A quokka (D:2)
  6 ball pythons
  3 bats
  A frilled lizard (D:1)
  6 kobolds
  5 rats
49 creatures vanquished.

Vanquished Creatures (others)
  A plant (D:2)
1 creature vanquished.

Grand Total: 50 creatures vanquished

Notes
Turn   | Place    | Note
-------+----------+-------------------------------------------
     0 | D:1      | Ayyar the Hill Orc Fighter began the quest for the Orb.
     0 | D:1      | Reached XP level 1. HP: 19/19 MP: 1/1
   369 | D:1      | Reached XP level 2. HP: 27/27 MP: 2/2
   376 | D:1      | Found a faded altar of an unknown god.
  1014 | D:2      | Reached XP level 3. HP: 24/33 MP: 3/3
  2104 | D:3      | Reached skill level 1 in Invocations
  2104 | D:3      | Reached XP level 4. HP: 40/40 MP: 4/4
  2105 | D:3      | Noticed Terence
  2114 | D:3      | Killed Terence
  2115 | D:3      | Reached skill level 1 in Evocations
  2448 | D:3      | Found Ikluq's Assorted Antiques.
  2546 | D:3      | Reached skill level 1 in Throwing
  2546 | D:3      | Reached XP level 5. HP: 39/46 MP: 4/6
  2992 | D:3      | Noticed a sky beast
  3004 | D:3      | Killed a sky beast
  3211 | D:3      | Reached XP level 6. HP: 52/53 MP: 7/7
  3231 | D:3      | Slain by a gnoll

Illustrated notes

Levels and vault maps discovered:
D:1:      dpeg_arrival_short_road, layout_basic, basic_ecumenical_altar,
          chequers_serial_rivers_small_a
D:2:      layout_basic, columned_hall_lemuel, chequers_big_river,
          minmay_ruptured
D:3:      layout_loops_corners, serial_shops, nicolae_shop_stone, uniq_terence

Skill      XL: |  1  2  3  4  5  6 |
---------------+-------------------+-----
Axes           | 3 4 |  4.7
Fighting       | 4 |  4.5
Invocations    | 1 2 |  2.0
Evocations     | 1 |  1.7
Throwing       | 1 |  1.4
Armour         | 4 |  4.1
Shields        | 4 |  4.0

Action                   |  1- 3 |  4- 6 || total
-------------------------+-------+-------++-------
Melee: War axe           |    72 |    53 ||   125
Throw: Javelin           |       |     2 ||     2
  Use: Potion            |       |     2 ||     2
Armor: Scale mail        |    27 |    19 ||    46
Dodge: Dodged            |    38 |    29 ||    67
Block: Buckler           |    20 |    14 ||    34

Table legend: (Time is in decaauts)
 A = Elapsed time spent in this place.
 B = Non-inter-level travel time spent in this place.
 C = Inter-level travel time spent in this place.
 D = Time resting spent in this place.
 E = Time spent auto-exploring this place.
 F = Levels seen in this place.
 G = Mean time per level.
                   A        B        C        D        E       F      G
               +--------+--------+--------+--------+--------+-----+--------+
         Total |   3289 |   3117 |    172 |    455 |   2238 |   3 | 1096.3 |
       Dungeon |   3289 |   3117 |    172 |    455 |   2238 |   3 | 1096.3 |
               +--------+--------+--------+--------+--------+-----+--------+

Top non-repeatable levels by time:
     D:2: 1827 daAuts
     D:1: 907 daAuts
     D:3: 555 daAuts
